 Dungeon Crawl Stone Soup version 0.26-a0-651-gb41185065b (webtiles) character file.

Game seed: 9306343400532482659

106 nicanaca0 the Shield-Bearer (level 4, -2/28 HPs)
             Began as a Gargoyle Fighter on Oct 22, 2020.
             Killed by divine providence
             ... invoked by an orc priest
              (9 damage)
             ... on level 3 of the Dungeon.
             The game lasted 00:02:48 (2002 turns).

nicanaca0 the Shield-Bearer (Gargoyle Fighter)      Turns: 2002, Time: 00:02:49

Health: -2/28      AC: 10    Str: 20    XL:     4   Next: 84%
Magic:  4/4        EV:  7    Int:  9    God:
Gold:   102        SH:  9    Dex:  9    Spells: 3/3 levels left

rFire    . . .     SeeInvis .   a - +0 flail
rCold    . . .     Faith    .   c - +0 kite shield
rNeg     + . .     Spirit   .   b - +0 scale mail
rPois    ∞         Reflect  .   (no helmet)
rElec    +         Harm     .   (no cloak)
rCorr    .         Rampage  .   (no gloves)
MR       .....                  (no boots)
Stlth    ..........             (no amulet)
HPRegen  0.09/turn              (no ring)
MPRegen  0.09/turn              (no ring)

@: mighty, very slow
A: negative energy resistance 1, electricity resistance, unbreathing,
petrification resistance, rot immunity, AC +3
a: no special abilities


You were on level 3 of the Dungeon.
You visited 1 branch of the dungeon, and saw 3 of its levels.

You collected 102 gold pieces.

Inventory:

Hand Weapons
 a - a +0 flail (weapon)
Missiles
 o - 8 curare-tipped darts (quivered)
Armour
 b - a +0 scale mail (worn)
 c - a +0 kite shield (worn)
Jewellery
 p - an uncursed amulet of faith
Scrolls
 e - 3 scrolls of identify {unknown}
 f - a scroll of blinking {unknown}
 g - a scroll of immolation {unknown}
 h - 2 scrolls of fog {unknown}
 j - a scroll of enchant weapon {unknown}
 m - a scroll of teleportation {unknown}
 q - a scroll of amnesia {unknown}
Potions
 i - a potion of stabbing {unknown}
 k - a potion of brilliance {unknown}
 l - a potion of magic {unknown}
 n - 2 potions of invisibility {unknown}
 r - a potion of berserk rage {unknown}
 s - a potion of lignification {unknown}
 t - 2 potions of mutation {unknown}
 u - a potion of heal wounds {unknown}


   Skills:
 - Level 3.2 Fighting
 * Level 4.1 Maces & Flails
 - Level 3.2 Armour
 + Level 4.3 Shields


You had 3 spell levels left.
You didn't know any spells.
Your spell library was empty.

Dungeon Overview and Level Annotations

Branches:
Dungeon (3/15)

Altars:
Elyvilon

Portals:
Sewer: D:3


Innate Abilities, Weirdness & Mutations

You are resistant to torment.
Your stone body is resilient. (AC +3)
You are immune to poison.
You resist negative energy. (rN+)
You are resistant to electric shocks. (rElec)
You can survive without breathing.
You are immune to petrification.
You are immune to rotting.


Message History

The rat bites you but does no damage.
The frilled lizard bites you but does no damage.
The worm splashes around in the water.
The orc priest looks satisfied for a moment.
Your unstable footing causes you to fumble your attack.
The orc barely misses you. You block the rat's attack.
You block the frilled lizard's attack.
The orc priest looks satisfied for a moment.
The worm bites you but does no damage. The rat bites you but does no damage.
Your unstable footing causes you to fumble your attack.
The orc barely misses you. You block the frilled lizard's attack.
The orc priest splashes around in the water.
The rat bites you but does no damage.
The frilled lizard bites you but does no damage.
The worm barely misses you.
Your unstable footing causes you to fumble your attack.
The orc barely misses you.
The orc priest calls down the wrath of Beogh upon you.
Beogh smites you!
You die...

#####.####
#.......##
#..####††##
#. #.†.# ..
#≈≈≈# .#
#≈≈≈# #≈≈≈#
#ro≈# #@lo#
#ow≈# #≈≈≈#
#≈≈≈# #≈≈≈#
#...# ...#.
......


You could see a worm, an orc priest, an orc wizard, an orc, a frilled lizard and
a rat.

Vanquished Creatures
  3 adders
  An ooze (D:1)
  2 worms (D:2)
  3 dart slugs
  3 leopard geckos
  2 orcs (D:3)
  2 ball pythons (D:1)
  7 bats
  9 giant cockroaches
  7 goblins
  5 hobgoblins
  4 frilled lizards
  A jackal zombie (D:2)
  5 kobolds
  2 rats
56 creatures vanquished.

Notes
Turn   | Place    | Note
-------+----------+-------------------------------------------
     0 | D:1      | nicanaca0 the Gargoyle Fighter began the quest for the Orb.
     0 | D:1      | Reached XP level 1. HP: 14/14 MP: 1/1
   130 | D:1      | Reached XP level 2. HP: 19/19 MP: 2/2
   389 | D:1      | Reached XP level 3. HP: 20/23 MP: 3/3
  1172 | D:2      | Reached XP level 4. HP: 28/28 MP: 4/4
  1218 | D:2      | Found a white marble altar of Elyvilon.
  1957 | D:3      | Found a glowing drain.
  2002 | D:3      | Killed from afar by an orc priest

Illustrated notes

Levels and vault maps discovered:
D:1:      dpeg_arrival_simpleton_b, layout_basic, serial_forest,
          infiniplex_forest_zigzag_1, infiniplex_forest_straight_2,
          infiniplex_forest_lined_1, infiniplex_forest_lined_3,
          infiniplex_forest_straight_4, infiniplex_forest_lined_3,
          infiniplex_forest_lined_ring
D:2:      layout_basic, lemuel_round_altar, feat_on_display
D:3:      layout_loops_cross, portal_sewer_entry_f, grunt_gozag_statues

Skill      XL: |  1  2  3  4 |
---------------+-------------+-----
Maces & Flails | 3 4 |  4.1
Shields        | 4 |  4.3
Fighting       | |  3.2
Armour         | |  3.2

Action                   |  1- 3 |  4- 6 || total
-------------------------+-------+-------++-------
Melee: Flail             |   132 |    90 ||   222
  Use: Potion            |       |     1 ||     1
Armor: Scale mail        |    87 |    81 ||   168
Dodge: Dodged            |    44 |    57 ||   101
Block: Kite shield       |    63 |    87 ||   150

Table legend: (Time is in decaauts)
 A = Elapsed time spent in this place.
 B = Non-inter-level travel time spent in this place.
 C = Inter-level travel time spent in this place.
 D = Time resting spent in this place.
 E = Time spent auto-exploring this place.
 F = Levels seen in this place.
 G = Mean time per level.
                   A        B        C        D        E       F      G
               +--------+--------+--------+--------+--------+-----+--------+
         Total |   2072 |   2021 |     51 |      0 |   1562 |   3 |  690.7 |
       Dungeon |   2072 |   2021 |     51 |      0 |   1562 |   3 |  690.7 |
               +--------+--------+--------+--------+--------+-----+--------+

Top non-repeatable levels by time:
     D:1: 943 daAuts
     D:2: 886 daAuts
     D:3: 242 daAuts
